 Dungeon Crawl Stone Soup version 0.29.1-15-g9cfb28693d (webtiles) character file.

Game seed: 15896068423325008197

1359 Cheops the Carver (level 8, -5/56 HPs)
             Began as a Demonspawn Gladiator on Apr 10, 2023.
             Was a Follower of Makhleb.
             Slain by an ogre
             ... wielding a +0 giant club
              (21 damage)
             ... on level 5 of the Dungeon.
             The game lasted 00:27:00 (7085 turns).

Cheops the Carver (Demonspawn Gladiator)            Turns: 7085, Time: 00:27:00

Health: -5/56      AC:  9    Str: 15    XL:     8   Next: 37%
Magic:  8/8        EV: 14    Int: 10    God:    Makhleb [*.....]
Gold:   336        SH:  0    Dex: 16    Spells: 7/7 levels left

rFire   + . .      SeeInvis .   a - +0 long sword
rCold   . . .      Faith    .   (no shield)
rNeg    . . .      Spirit   .   b - +0 leather armour
rPois   .          Reflect  .   (helmet restricted)
rElec   .          Harm     .   (no cloak)
rCorr   .          Rampage  .   (no gloves)
Will    .....                   (no boots)
Stlth   +.........              (no amulet)
HPRegen 0.18/turn               m - ring of protection from fire
MPRegen 0.22/turn               q - +4 ring of protection

@: no status effects
A: antennae 1, icy blue scales 1, foul stench 2, magic regeneration
a: Renounce Religion


You were on level 5 of the Dungeon.
You worshipped Makhleb.
Makhleb was aware of your devotion.
You visited 1 branch of the dungeon, and saw 5 of its levels.

You collected 336 gold pieces.

Inventory:

Hand Weapons
 a - a +0 long sword (weapon)
Missiles
 d - 3 throwing nets (quivered)
 e - a javelin
Armour
 b - a +0 leather armour (worn)
 c - a +0 helmet
Jewellery
 m - a ring of protection from fire (left hand)
 q - a +4 ring of protection (right hand)
Wands
 p - a wand of charming (3)
 y - a wand of acid (10)
Scrolls
 g - a scroll of poison {unknown}
 h - 2 scrolls of enchant armour {unknown}
 j - a scroll of silence {unknown}
 k - 2 scrolls of identify
 l - a scroll of enchant weapon {unknown}
 o - a scroll of torment {unknown}
 r - a scroll of amnesia {unknown}
 t - a scroll of vulnerability {unknown}
 v - 5 scrolls of teleportation {unknown}
 w - a scroll of acquirement {unknown}
 x - 2 scrolls of noise {unknown}
Potions
 f - a potion of magic
 i - a potion of haste
 n - a potion of brilliance
 s - a potion of heal wounds {unknown}
 u - a potion of ambrosia


   Skills:
 - Level 2.0 Fighting
 - Level 8.8 Long Blades
 - Level 1.7 Throwing
 + Level 5.1 Dodging


You had 7 spell levels left.
You didn't know any spells.
Your spell library contained the following spells:

 Spells                   Type           Power      Damage    Failure   Level
 Shock                    Conj/Air       0%         1d3       43%         1
 Sting                    Tmut/Pois      0%         1d3       43%         1
 Poisonous Vapours        Pois/Air       0%         N/A       56%         2
 Swiftness                Air            0%         N/A       80%         3
 Airstrike                Air            0%         2d(0-16)  99%         4
 Anguish                  Hex/Necr       0%         N/A       99%         4
 Olgreb's Toxic Radiance  Pois           0%         N/A       99%         4
 Alistair's Intoxication  Tmut/Pois      0%         N/A       100%        5
 Borgnjor's Vile Clutch   Necr/Erth      0%         N/A       100%        5
 Eringya's Noxious Bog    Tmut/Pois      0%         N/A       100%        6
 Enfeeble                 Hex            0%         N/A       100%        7


Dungeon Overview and Level Annotations

Branches:
Dungeon (5/15)             Temple (0/1) D:5

Altars:
Cheibriados
Gozag
Hepliaklqana
Makhleb
Nemelex Xobeh
Okawaru
Sif Muna
Uskayaw
Yredelemnul

Annotations:
D:3 3 runed translucent doors, GasterBasher's ghost, amateur OpFE


Innate Abilities, Weirdness & Mutations

You have a pair of small antennae on your head.
You are partially covered in icy blue scales. (AC +2)
You sometimes emit foul miasma when damaged in melee.
You regenerate magic rapidly.


Message History

The iguana is moderately wounded.
The iguana barely misses you.
You closely miss the iguana.
The iguana is moderately wounded.
The iguana closely misses you.
You hit the iguana.
The iguana is heavily wounded.
The iguana closely misses you.
You hit the iguana.
The iguana is severely wounded.
You hit the iguana.
You kill the iguana!
Makhleb accepts your kill.
You feel better.
You hit the ogre.
The ogre is lightly wounded.
The ogre barely misses you.
You hit the ogre.
The ogre is moderately wounded.
The ogre hits you with a +0 giant club!
You are too injured to fight recklessly!
You are too injured to fight recklessly!
You are too injured to fight recklessly!
You are too injured to fight recklessly!
You are too injured to fight recklessly!
You are too injured to fight recklessly!
You are too injured to fight recklessly!
You are too injured to fight recklessly!
You are too injured to fight recklessly!
You are too injured to fight recklessly!
You barely miss the ogre.
The ogre is moderately wounded.
You closely miss the ogre.
The ogre is moderately wounded.
The ogre hits you with a +0 giant club!!
* * * LOW HITPOINT WARNING * * *
You slash the ogre!
The ogre is severely wounded.
The ogre hits you with a +0 giant club!!
You die...

...... #...... ..
#...#..# #..#### ...
.........##.....# ...
#.#.#.#.#.#.#.#.# #.#.#
#.#.#.#.#.#.#.#.
#.#.#.#.#.#.#.#.#.#.#
#.#.#.#.......#.#.#.
#O#.#........'#.#.#
#@#.#.......#.#.#.
#.#.#.#+#.#.#.#.#.#
#.#.#.#.#.#.#.#.#.#.
#.#.#.#.#.#.#.#.#.#.#
#.#.#.#.#.#.#.#.#.#.#.
#.#.#.#.#.#.#.#.#.#.#.#
#.#.#.#.#.#.#.#.#.#.#.#.
##.#.#.#.#.#.#.#.#.#.#.#
.#.#...#.#.#.#.#.#.#.#.


You could see an ogre.

Vanquished Creatures
  A water moccasin (D:5)
  5 ogres
  2 black bears
  A phantom (D:4)
  A scorpion (D:5)
  A necrophage (D:5)
  2 orc priests
  5 iguanas
  4 orc wizards
  A gnoll (D:4)
  4 adders
  2 ufetubi
  A worm (D:2)
  2 dart slugs
  19 orcs
  6 bats
  5 endoplasms
  2 giant cockroaches
  8 goblins
  8 hobgoblins
  5 jackals
  14 kobolds
  2 quokkas
  3 ball pythons
  3 frilled lizards
  12 rats
119 creatures vanquished.

Vanquished Creatures (collateral kills)
  An orc (D:3)
1 creature vanquished.

Vanquished Creatures (others)
  4 fungi (D:4)
  6 toadstools (D:4)
10 creatures vanquished.

Grand Total: 130 creatures vanquished

Notes
Turn   | Place    | Note
-------+----------+-------------------------------------------
     0 | D:1      | Cheops the Demonspawn Gladiator began the quest for the
                  | Orb.
     0 | D:1      | Reached XP level 1. HP: 16/16 MP: 1/1
    27 | D:1      | Reached skill level 3 in Long Blades
   201 | D:1      | Gained mutation: You may rarely emit foul miasma when
                  | damaged in melee. [demonic ancestry]
   201 | D:1      | Reached XP level 2. HP: 20/22 MP: 2/2
   634 | D:1      | Gained mutation: You are partially covered in icy blue
                  | scales. (AC +2) [demonic ancestry]
   634 | D:1      | Reached XP level 3. HP: 27/27 MP: 3/3
   667 | D:1      | You fall into a shaft and drop 1 floor!
   790 | D:1      | Reached skill level 4 in Long Blades
  1540 | D:3      | Gained mutation: You regenerate magic rapidly. [demonic
                  | ancestry]
  1540 | D:3      | Reached XP level 4. HP: 22/33 MP: 4/4
  1848 | D:3      | Found a basalt altar of Yredelemnul.
  1932 | D:3      | Reached skill level 5 in Long Blades
  2222 | D:3      | Gained mutation: You sometimes emit foul miasma when
                  | damaged in melee. [demonic ancestry]
  2222 | D:3      | Reached XP level 5. HP: 36/38 MP: 5/5
  2238 | D:3      | Found a runed translucent gate.
  2238 | D:3      | Found a runed translucent gate.
  2242 | D:3      | Found a runed translucent gate.
  2244 | D:3      | Noticed GasterBasher's ghost (amateur OpFE)
  2280 | D:3      | Found an opulent altar of Gozag.
  2288 | D:3      | Found a hide-covered altar of Uskayaw.
  2291 | D:3      | Found a sparkling altar of Nemelex Xobeh.
  2291 | D:3      | Found a burning altar of Makhleb.
  2298 | D:3      | Found a snail-covered altar of Cheibriados.
  2646 | D:3      | Became a worshipper of Makhleb the Destroyer
  2947 | D:4      | Noticed a black bear
  3217 | D:4      | Reached skill level 6 in Long Blades
  3281 | D:4      | Reached XP level 6. HP: 17/44 MP: 6/6
  3517 | D:3      | Reached skill level 7 in Long Blades
  4040 | D:4      | Found a hazy altar of Hepliaklqana.
  4126 | D:4      | Gained mutation: You have a pair of small antennae on your
                  | head. [demonic ancestry]
  4126 | D:4      | Reached XP level 7. HP: 46/50 MP: 7/7
  4336 | D:4      | Found a shimmering blue altar of Sif Muna.
  4533 | D:4      | Found an iron altar of Okawaru.
  4548 | D:4      | Reached * piety under Makhleb
  4832 | D:4      | Found a hazy altar of Hepliaklqana.
  4984 | D:4      | Found an iron altar of Okawaru.
  5202 | D:5      | Entered Level 5 of the Dungeon
  5262 | D:5      | Reached skill level 8 in Long Blades
  5724 | D:5      | Found a staircase to the Ecumenical Temple.
  6103 | D:5      | Reached XP level 8. HP: 5/56 MP: 8/8
  6960 | D:5      | Reached skill level 5 in Dodging
  7085 | D:5      | Slain by an ogre

Illustrated notes

Levels and vault maps discovered:
D:1:      wheals_arrival_shading, layout_rooms, minivault_27,
          minmay_pentomino_z4
D:2:      layout_basic
D:3:      layout_loops_ring, lemuel_doored_altar,
          nicolae_overflow_hallway_of_the_gods, ebering_ghost_rock_garden
D:4:      layout_gridville, nicolae_overflow_crystal_walls,
          okawaru_altar_gauntlet_db, tgw_sif, hangedman_decor_opposing,
          minmay_gold_behind_fungi, minmay_misc_feat_iff, st_stairs_9,
          hangedman_minor_gate_pass
D:5:      layout_basic, minmay_temple_entry_waves

Skill      XL: |  1  2  3  4  5  6  7  8 |
---------------+-------------------------+-----
Long Blades    | 3 4 5 6 7 8 |  8.8
Dodging        | 3 5 |  5.1
Fighting       | |  2.0
Throwing       | |  1.7

Action                   |  1- 3 |  4- 6 |  7- 9 || total
-------------------------+-------+-------+-------++-------
Melee: Long sword        |   126 |   161 |   138 ||   425
       Punch             |     3 |     3 |     1 ||     7
Evoke: Wand              |       |     1 |       ||     1
  Use: Scroll            |       |     3 |       ||     3
       Potion            |       |       |     5 ||     5
Armor: Leather armour    |    53 |   103 |    83 ||   239
Dodge: Dodged            |   102 |   121 |   101 ||   324
